 Dungeon Crawl Stone Soup version 0.28-b1-25-g9875b3fc8c (webtiles) character file.

Game seed: 6165761244143022570

1114 mcbry74 the Grappler (level 8, 0/74 HPs)
             Began as a Troll Berserker on Jan 31, 2022.
             Was a Believer of Trog.
             Slain by a gnoll shaman (8 damage)
             ... on level 4 of the Dungeon.
             The game lasted 00:11:15 (3783 turns).

mcbry74 the Grappler (Troll Berserker)              Turns: 3783, Time: 00:11:15

Health: 0/74       AC:  4    Str: 26    XL:     8   Next: 12%
Magic:  7/7        EV: 10    Int:  5    God:    Trog [**....]
Gold:   246        SH:  0    Dex:  9    Spells: 7/7 levels left

rFire   . . .      SeeInvis .     - Unarmed
rCold   . . .      Faith    .   (no shield)
rNeg    . . .      Spirit   .   a - +0 animal skin
rPois   .          Reflect  .   e - +0 hat
rElec   .          Harm     .   (no cloak)
rCorr   .          Rampage  .   (gloves unavailable)
Will    .....                   (boots unavailable)
Stlth   +.........              (no amulet)
HPRegen 1.02/turn               (no ring)
MPRegen 0.10/turn               (no ring)

@: lethally poisoned (0 -> -7), lit by a corona, glowing
A: large, unfitting armour, claws 3, regeneration 1, shaggy fur 1, tough skin 1
a: Renounce Religion, Berserk, Trog's Hand


You were on level 4 of the Dungeon.
You worshipped Trog.
Trog was pleased with you.
You visited 1 branch of the dungeon, and saw 5 of its levels.

You collected 246 gold pieces.

Inventory:

Hand Weapons
 f - a +0 whip
 o - a +0 dire flail
 v - a +1 dagger of venom
 x - the +12 rapier of Nuav {spect, Int+3 Dex+2}
   (You found it on level 5 of the Dungeon)

   When its wielder attacks, the weapon's spirit leaps out and strikes again.
   The spirit shares a part of any damage it takes with its wielder.
   Int:       It affects your intelligence (+3).
   Dex:       It affects your dexterity (+2).
 y - a +2 mace of draining
Missiles
 m - 58 sling bullets
 w - 4 curare-tipped darts (quivered)
Armour
 a - a +0 animal skin (worn)
 e - a +0 hat (worn)
Wands
 q - a wand of polymorph (6)
 A - a wand of flame (13)
Scrolls
 b - a scroll of acquirement {unknown}
 d - 2 scrolls of enchant armour {unknown}
 h - a scroll of fear {unknown}
 i - a scroll of immolation {unknown}
 k - a scroll of identify {unknown}
 n - a scroll of amnesia {unknown}
 p - 2 scrolls of noise {unknown}
 r - 2 scrolls of teleportation {unknown}
 u - a scroll of holy word {unknown}
 z - a scroll of blinking {unknown}
Potions
 c - a potion of magic {unknown}
 g - 2 potions of curing {unknown}
 j - a potion of invisibility {unknown}
 s - a potion of might {unknown}
 t - a potion of lignification {unknown}
 B - a potion of degeneration {unknown}


   Skills:
 - Level 2.4 Fighting
 - Level 2.4 Dodging
 + Level 10.1 Unarmed Combat


You had 7 spell levels left.
You didn't know any spells.
Your spell library was empty.

Dungeon Overview and Level Annotations

Branches:
Dungeon (5/15)
 Temple: D:4-7

Altars:
Hepliaklqana
Qazlal

Shops:
D:1 [


Innate Abilities, Weirdness & Mutations

You are too large for most types of armour.
You have claws for hands.
Your natural rate of healing is unusually fast.
You are covered in fur. (AC +1)
You have tough skin. (AC +1)


Message History

Aim: a gnoll shaman, wielding a +1 whip of venom and wearing a +0 robe (lightly wounded, 58% to hit)
You throw a poisoned dart.
The poisoned dart closely misses the gnoll shaman.
The poisoned dart hits the gnoll.
The gnoll looks even sicker.
Throw: dart (poison)
Press: ? - help, Q - select action, (/) - cycle Shift-Dir - straight line, f/p - gnoll shaman
Aim: a gnoll shaman, wielding a +1 whip of venom and wearing a +0 robe (58% to hit)
You throw a poisoned dart.
The poisoned dart hits the gnoll shaman.
The gnoll shaman is poisoned.
Trog accepts your kill.
You feel a bit more experienced.
The gnoll shaman looks more healthy.
There is a stone staircase leading up here.
The gnoll hits you from afar with a +0 halberd.
The gnoll hits you from afar with a +0 halberd!
The gnoll shaman closely misses you.
You climb upwards.
There is a stone staircase leading down here.
You claw the gnoll shaman!
The gnoll shaman is heavily wounded.
The gnoll shaman hits you with a +1 whip of venom!
* * * LOW HITPOINT WARNING * * *
You are poisoned.
You barely miss the gnoll shaman.
The gnoll shaman is heavily wounded.
You feel very sick.
The gnoll shaman hits you with a +1 whip of venom.
* * * LOW HITPOINT WARNING * * *
You are more poisoned.
You scratch the gnoll shaman. Your claw misses the gnoll shaman.
The gnoll shaman is heavily wounded.
* * * LOW HITPOINT WARNING * * *
You feel very sick.
You claw the gnoll shaman!
The gnoll shaman is almost dead.
* * * LOW HITPOINT WARNING * * *
You feel very sick.
The gnoll shaman hits you with a +1 whip of venom!
You die...

.####........#
#.##..#......# .#
#...###### #.......######
.# #...# ####.....### .#
#...# #.......##
.#####.#######.##.##.#
.##............##....######
#####
###.......###..#..........#
#....
#.......###...#.##.####.#
#.###
###.............@g...#
#)###.#
...........##.#...####
#.....#
.##.................#
#######
.##.##.##...#.##.##.#
............#.##.##.#
###.##.##...#.##.##.#
....##.######.##.##.#
######.### #.##.##.#
#.....####.......#


You could see a gnoll shaman.

Vanquished Creatures
  Grinder (D:3)
  Sigmund (D:3)
  2 ogres (D:5)
  A centaur (D:4)
  A phantom (D:4)
  A scorpion (D:5)
  A howler monkey (D:5)
  An orc priest (D:4)
  A hound (D:4)
  A centaur skeleton (D:5)
  An iguana (D:5)
  Terence (D:2)
  2 orc wizards (D:5)
  3 gnolls (D:5)
  3 adders
  An ufetubus (D:5)
  2 worms
  3 dart slugs (D:1)
  2 orcs
  3 bats
  4 endoplasms
  4 giant cockroaches (D:3)
  5 goblins
  3 hobgoblins
  7 jackals
  7 kobolds
  4 quokkas
  7 ball pythons
  2 frilled lizards
  4 rats
79 creatures vanquished.

Vanquished Creatures (others)
  An orc wizard (D:4)
1 creature vanquished.

Grand Total: 80 creatures vanquished

Notes
Turn   | Place    | Note
-------+----------+-------------------------------------------
     0 | D:1      | mcbry74 the Troll Berserker began the quest for the Orb.
     0 | D:1      | Reached XP level 1. HP: 22/22 MP: 0/0
    78 | D:1      | Found Socat's Armour Emporium.
    90 | D:1      | Reached XP level 2. HP: 29/29 MP: 1/1
   277 | D:1      | Reached skill level 4 in Unarmed Combat
   366 | D:1      | Reached XP level 3. HP: 36/36 MP: 2/2
   383 | D:1      | Reached ** piety under Trog
   635 | D:2      | Noticed Terence
   646 | D:2      | Killed Terence
   730 | D:2      | Reached skill level 5 in Unarmed Combat
   730 | D:2      | Reached XP level 4. HP: 44/44 MP: 3/3
   971 | D:2      | Found a faded altar of an unknown god.
  1274 | D:3      | Found a stormy altar of Qazlal.
  1277 | D:3      | Found a hazy altar of Hepliaklqana.
  1277 | D:3      | Noticed Sigmund
  1317 | D:3      | Killed Sigmund
  1318 | D:3      | Reached skill level 6 in Unarmed Combat
  1318 | D:3      | Reached XP level 5. HP: 50/50 MP: 4/4
  1507 | D:3      | Reached XP level 6. HP: 58/59 MP: 5/5
  1540 | D:3      | Noticed Grinder
  1543 | D:3      | Paralysed by Grinder for 3 turns
  1547 | D:3      | Paralysed by Grinder for 3 turns
  1560 | D:3      | Killed Grinder
  1561 | D:3      | Reached skill level 7 in Unarmed Combat
  2229 | D:4      | Reached skill level 8 in Unarmed Combat
  2233 | D:4      | Reached XP level 7. HP: 19/66 MP: 6/6
  2863 | D:5      | Entered Level 5 of the Dungeon
  2890 | D:5      | Reached skill level 9 in Unarmed Combat
  3093 | D:5      | Identified the +12 rapier of Nuav {spect, Int+3 Dex+2}
  3280 | D:5      | Reached XP level 8. HP: 70/74 MP: 7/7
  3335 | D:5      | Reached skill level 10 in Unarmed Combat
  3783 | D:4      | Slain by a gnoll shaman

Illustrated notes

Levels and vault maps discovered:
D:1:      dpeg_arrival_prison, layout_rooms, serial_shops, shop
D:2:      layout_loops_ring, basic_ecumenical_altar, uniq_terence
D:3:      layout_basic, grunt_temple_overflow_open, uniq_sigmund, uniq_grinder
D:4:      layout_loops_cross
D:5:      layout_layer_cave, minivault_19, st_stairs_2

Skill      XL: |  1  2  3  4  5  6  7  8 |
---------------+-------------------------+-----
Unarmed Combat | 4 5 6 8 9 10 | 10.1
Fighting       | |  2.4
Dodging        | |  2.4

Action                   |  1- 3 |  4- 6 |  7- 9 || total
-------------------------+-------+-------+-------++-------
Melee: Unarmed           |    67 |    51 |    72 ||   190
       Punch             |     1 |     1 |     3 ||     5
       Dagger            |       |    16 |       ||    16
Throw: Dart              |     3 |       |    12 ||    15
Invok: Berserk           |       |     2 |       ||     2
 Stab: Sleeping          |     1 |       |       ||     1
Armor: Animal skin       |    29 |    13 |    19 ||    61
Dodge: Dodged            |    34 |    25 |    30 ||    89
